Cogmind - Beta 15 @@@ ROGUE MODE // 2025.09.16 @ 02:45:36 Player: Lillith Result: Destroyed by 5L-AMB(R) with Subdweller Laser Performance ------------- Evolutions (0) 0 Regions Visited (2) 400 Robots Destroyed (14) 70 Value Destroyed (428) 428 Prototype IDs (11) 220 Alien Tech Used (0) 0 Bonus (0) 0 TOTAL SCORE: 1118 Bonus ------- None Cogmind --------- Core Integrity 0/250 Matter 258/300 Energy 248/265 System Corruption 0% Temperature Cool (17) Movement Walking (260) Ox2 Location -10/Subcaves Parts ------- > --- POWER (1) -------- Improved Ion Engine > --- PROPULSION (2) --- Aluminum Leg > --- UTILITY (2) ------ Small Storage Unit Seismic Detector > --- WEAPON (2) ------- EM Pulse Gun Subdweller Beam Cannon > --- INVENTORY (8) ---- Subdweller Power Source Subdweller Monowheel Flightbrick Subdweller Optics Gun Armor Peak State ------------ > --- POWER ------------ Improved Ion Engine > --- PROPULSION ------- Light Treads Light Treads > --- UTILITY ---------- Small Storage Unit Seismic Detector > --- WEAPON ----------- EM Pulse Gun Subdweller Machine Gun > --- INVENTORY -------- Subdweller Power Source Subdweller Monowheel Flightbrick Subdweller Optics Rocket Launcher [Rating: 13] Favorites ----------- Power Improved Ion Engine Engine Improved Ion Engine Propulsion Light Treads Treads Light Treads Leg Aluminum Leg Wheel Wheel Utility Small Storage Unit Device Seismic Detector Storage Small Storage Unit Weapon Assault Rifle Energy Gun EM Pulse Gun Energy Cannon Subdweller Beam Cannon Ballistic Gun Assault Rifle Ballistic Cannon Battle Cannon Launcher Rocket Launcher Build | -11 -10 -10 ------- Run | Yrd Mat Sub Slots Evolved . | . . . Power . | . . . Propulsion . | . . . Utility . | . . . Weapon . | . . . Parts Attached 17 | 8 2 7 Power 3 | 1 1 1 Engine 3 | 1 1 1 Core . | . . . Reactor . | . . . Propulsion 5 | 3 . 2 Treads 2 | 1 . 1 Leg 1 | . . 1 Wheel 2 | 2 . . Hover . | . . . Flight . | . . . Utility 2 | 2 . . Device 1 | 1 . . Storage 1 | 1 . . Processor . | . . . Hackware . | . . . Protection . | . . . Artifact . | . . . Weapon 7 | 2 1 4 Energy Gun 1 | . . 1 Energy Cannon 1 | . . 1 Ballistic Gun 3 | 2 . 1 Ballistic Cannon 1 | . . 1 Launcher 1 | . 1 . Special Weapon . | . . . Impact Weapon . | . . . Slashing Weapon . | . . . Piercing Weapon . | . . . Special Melee Weapon . | . . . Unidentified Prototypes . | . . . Parts Lost 7 | . . 7 Power 1 | . . 1 Propulsion 3 | . . 3 Utility . | . . . Weapon 3 | . . 3 Highest Loss Streak 4 | . . 4 To Critical Strikes . | . . . Average Backups 6 | 5 7 6 Power . | . 1 . Propulsion 3 | 3 5 3 Utility . | . . . Weapon 1 | . 1 1 Tool/Special . | . . . Unused Backups 10 | . 1 9 Power 2 | . 1 1 Propulsion 5 | . . 5 Utility 3 | . . 3 Weapon . | . . . Tool/Special . | . . . Average Slot Usage (%) 95 | . 100 94 Engine 14 | . 14 14 Treads 17 | . 14 18 Leg 2 | . . 3 Wheel 4 | . 14 3 Device 14 | . 14 14 Storage 14 | . 14 14 Energy Gun 8 | . . 10 Energy Cannon 2 | . . 2 Ballistic Gun 13 | . 27 11 Ballistic Cannon 1 | . . 1 Peak Build Rating 13 | 7 9 13 Average Rating 10 | 5 7 11 On Entrance 5 | . 7 9 Naked Turns . | . . . Heaviest Build 23 | 13 19 23 Greatest Support 40 | 20 10 40 Greatest Overweight (x) 4 | 1 1 4 Average Overweight (x) . | . 1 . Largest Inventory Capacity 8 | 8 8 8 Average Capacity 7 | 6 8 8 Most Carried 8 | 7 8 8 Average Carried 7 | 5 7 7 Final Capacity 8 | 8 8 8 Final Carried 8 | 7 8 8 Class Distribution -------------------- 100% | Mutant Dominant Class ---------------- Mutant | -10/Materials Mutant | -10/Subcaves Resources | -11 -10 -10 ----------- Run | Yrd Mat Sub Matter Collected 662 | 334 54 274 Remotely . | . . . Salvage Created 577 | 128 141 308 Parts 33 | 6 9 18 Haulers Intercepted 1 | . 1 . Recyclers Shooed 2 | 1 1 . Parts Field Recycled . | . . . Retrieved Matter . | . . . Parts Self-Destructed . | . . . Prevented . | . . . Kills | -11 -10 -10 ------- Run | Yrd Mat Sub Combat Hostiles Destroyed 10 | . 2 8 Guns 9 | . 2 7 Cannons 1 | . . 1 Classes Destroyed 6 | 2 2 2 Tunneler 2 | 2 . . Hauler 1 | . 1 . Recycler 1 | 1 . . Grunt 2 | . 2 . Sentry 1 | . . 1 Subdweller 7 | . . 7 Best Kill Streak 3 | 1 3 3 Combat Bots Only 3 | . 2 3 Max Kills in Single Turn 1 | 1 1 1 Gunslinging . | . . . Exploded . | . . . Melee . | . . . Uniques/NPCs Destroyed . | . . . Combat | -11 -10 -10 -------- Run | Yrd Mat Sub Hostile Shots Fired 84 | . 10 74 Missed 21 | . 5 16 Hits 63 | . 5 58 Projectile 63 | . 5 58 Critical Strikes 2 | . . 2 Damage Taken 1256 | . 59 1197 Core 267 | . 14 253 Absorbed by Shields . | . . . Core Remaining (%) 100 | 100 . . Volleys Fired 87 | 9 14 64 Largest 2 | 2 2 2 Hottest 120 | 40 40 120 Shots Fired 144 | 18 28 98 Gun 123 | 18 28 77 Cannon 17 | . . 17 Launcher 4 | . . 4 Special . | . . . Kinetic 101 | 18 28 55 Thermal 4 | . . 4 Explosive 4 | . . 4 Electromagnetic 35 | . . 35 Robot Hit Streak 18 | 6 7 18 Robot Miss Streak 3 | 2 3 3 Penetration Max . | . . . Secondary Targets . | . . . Shots Hit Robots 103 | 11 21 71 Core Hits 33 | 4 8 21 Critical Kills . | . . . Critical Parts Destroyed 1 | . 1 . Critical Strikes 1 | . 1 . Destroy 1 | . 1 . Melee Attacks . | . . . Impact . | . . . Slashing . | . . . Piercing . | . . . Sneak Attacks . | . . . Combat Hostiles . | . . . Follow-up Attacks . | . . . Damage Inflicted 1484 | 139 266 1079 Guns 1097 | 139 266 692 Cannons 321 | . . 321 Explosions 66 | . . 66 Melee . | . . . Ramming . | . . . Kinetic 997 | 139 266 592 Thermal 86 | . . 86 Explosive 66 | . . 66 Electromagnetic 335 | . . 335 Impact . | . . . Slashing . | . . . Piercing . | . . . Highest Corruption . | . . . Average Corruption . | . . . Corruption Purged . | . . . Corruption Blocked . | . . . Overload Shots . | . . . Overflow Damage . | . . . Projectiles . | . . . Explosions . | . . . Melee . | . . . Knockbacks 7 | . . 7 Impact . | . . . Kinetic 4 | . . 4 Secondary 3 | . . 3 Self-Inflicted Damage . | . . . Shots . | . . . Rammed . | . . . Targets Rammed . | . . . Kicked . | . . . Crushed . | . . . Highest Temperature 11 | . 2 11 Average Temperature 4 | . 2 4 Received Heat Transfer 273 | . 36 237 Siege Activations . | . . . Martial Activations . | . . . Shielding Activations . | . . . Robots Disrupted . | . . . Combat Hostiles . | . . . Robots Corrupted . | . . . Combat Hostiles . | . . . Parts Fried 1 | . . 1 Impact Corruptions . | . . . Robots Melted . | . . . Combat Hostiles . | . . . Parts Melted 1 | . . 1 Heat Transferred 111 | . . 111 Parts Sabotaged . | . . . Parts Stolen . | . . . Parts Stripped . | . . . Power Chain Reactions . | . . . Alert | -11 -10 -10 ------- Run | Yrd Mat Sub Maximum Alert Level . | . . . Low Security (%) 100 | 100 100 . Level 1 . | . . . Level 2 . | . . . Level 3 . | . . . Level 4 . | . . . Level 5 . | . . . High Security . | . . . Max Security . | . . . Peak Influence 47 | 5 47 . Initial . | . . . Average 10 | 1 18 . Influence Increases 92 | 15 57 20 Destroy 0b10 Robot/C 60 | . 40 20 Destroy 0b10 Robot/NC 20 | 15 5 . Destroy Leader 12 | . 12 . Influence Decreases 92 | 15 40 37 Entered New Map 9 | . . 9 Time Decay 83 | 15 40 28 Squads Dispatched . | . . . Investigation . | . . . Extermination . | . . . Reinforcement . | . . . Assault . | . . . Garrison . | . . . Intercept . | . . . Searches Triggered . | . . . Construction Impeded . | . . . Haulers Reinforced . | . . . Active Scanning Responses . | . . . Cargo Convoy Interrupts . | . . . Stealth | -11 -10 -10 --------- Run | Yrd Mat Sub Distress Signals . | . . . Communications Jammed . | . . . Distress Signals . | . . . Times Spotted 13 | . 3 10 Peak Tracking Total 3 | . 2 3 Tactical Retreats 1 | . . 1 Traps | -11 -10 -10 ------- Run | Yrd Mat Sub Traps Triggered 1 | . . 1 Indirectly . | . . . Trap Hack Attempts . | . . . Triggered . | . . . Disarmed . | . . . Reprogrammed . | . . . Reused . | . . . Traps Extracted . | . . . Installed . | . . . Triggered . | . . . Machines | -11 -10 -10 ---------- Run | Yrd Mat Sub Machines Disabled 1 | . . 1 Max in Single Turn 1 | . . 1 Machines Repaired . | . . . Machines Dismantled . | . . . Machines Sabotaged . | . . . Overloaded Fab Kills . | . . . Hacking | -11 -10 -10 --------- Run | Yrd Mat Sub Machines Accessed 1 | . . 1 Terminals . | . . . Fabricators . | . . . Repair Stations . | . . . Recycling Units . | . . . Scanalyzers . | . . . Garrison Access . | . . . Total Hacks 1 | . . 1 Successful 1 | . . 1 Failed . | . . . Catastrophic . | . . . Database Lockouts . | . . . Manual . | . . . Terminals . | . . . Fabricators . | . . . Repair Stations . | . . . Recycling Units . | . . . Scanalyzers . | . . . Garrison Access . | . . . Terminal Hacks 1 | . . 1 Proto ID Catalog 1 | . . 1 Fabricator Hacks . | . . . Repair Station Hacks . | . . . Recycling Unit Hacks . | . . . Scanalyzer . | . . . Garrison Access Hacks . | . . . Unauthorized Hacks . | . . . Terminals . | . . . Fabricators . | . . . Repair Stations . | . . . Recycling Units . | . . . Scanalyzers . | . . . Garrison Access . | . . . Data Cores Recovered . | . . . Used . | . . . Hacking Detections . | . . . Full Trace Events . | . . . Feedback Events . | . . . Feedback Blocked . | . . . Robot Schematics Acquired . | . . . Robots Built . | . . . Authchips . | . . . Time . | . . . Total Robot Build Rating . | . . . Part Schematics Acquired . | . . . Parts Built . | . . . Authchips . | . . . Time . | . . . Total Part Build Rating . | . . . Parts Repaired . | . . . Time . | . . . Parts Recycled . | . . . Recycled Matter . | . . . Retrieved Matter . | . . . Retrieved Components . | . . . Parts Scanalyzed . | . . . Part Schematics Acquired . | . . . Parts Damaged . | . . . Bothacking | -11 -10 -10 ------------ Run | Yrd Mat Sub Used RIF Installer . | . . . Robots Hacked . | . . . Non-combat . | . . . Combat . | . . . Robot Hacks Applied . | . . . Relay Couplers Released . | . . . Fabnet Peak Effective % . | . . . Robots Rewired . | . . . Allies Hacked . | . . . Hacks Repelled . | . . . Allies | -11 -10 -10 -------- Run | Yrd Mat Sub Total Allies . | . . . Largest Group . | . . . Highest-Rated Group . | . . . Highest-Rated Ally . | . . . Total Orders . | . . . Ally Attacks . | . . . Total Damage . | . . . Kills . | . . . Allies Corrupted . | . . . Allies Melted . | . . . Intel | -11 -10 -10 ------- Run | Yrd Mat Sub Active Infowar (turns) 1061 | 15 153 893 Seismic 1061 | 15 153 893 Robot Analysis Total . | . . . Derelict Logs Recovered . | . . . Drone Launches . | . . . Drone Recoveries . | . . . Exploration | -11 -10 -10 ------------- Run | Yrd Mat Sub Turns Passed 1182 | 136 153 893 Spaces Moved 619 | 76 98 445 Core 4 | 2 . 2 Treads 260 | 30 . 230 Legs 69 | . . 69 Wheels 286 | 44 98 144 Hover . | . . . Flight . | . . . Fastest Speed 50 | 50 95 95 Average Speed 140 | 119 95 153 Slowest Speed 260 | 160 95 260 Overloaded Moves . | . . . Propulsion Burnouts . | . . . Robots Hopped . | . . . Potential Cave-ins . | . . . Cave-ins Triggered . | . . . Exploration Rate (%) 16 | 7 14 29 Regions Visited 2 Branch Regions 1 Pre-discovered Areas . | . . . Known Exits Taken . | . . . Unknown Exits Taken 2 | 1 1 . Scrap Searched . | . . . Spaces Dug . | . . . Terrain Destroyed 28 | . . 28 Melee . | . . . Projectile . | . . . AOE 28 | . . 28 Terrain Rammed . | . . . Walls Destroyed . | . . . Machines Disabled . | . . . Actions | -11 -10 -10 --------- Run | Yrd Mat Sub Total 785 | 98 131 556 Wait 40 | . 14 26 Move 617 | 75 97 445 Hop . | . . . Pick Up 14 | 6 2 6 Fast Attach 11 | 7 . 4 Attach 3 | . . 3 Detach . | . . . Swap 4 | 1 2 1 Drop 9 | . 2 7 Fire 87 | 9 14 64 Melee . | . . . Ram . | . . . Kick . | . . . Crush . | . . . Escape Stasis . | . . . Rewire . | . . . Trap . | . . . Miscellaneous . | . . . Route ------- -11/Scrapyard -10/Materials -10/Subcaves History --------- Turn | Location | Event 10 | -11/Scrapyard | Discovered new exit (range 15) 137 | -11/Scrapyard | Entered Materials 274 | -10/Materials | Discovered new exit (range 11) 290 | -10/Materials | Entered Subcaves 319 | -10/Subcaves | Build established: Mutant 399 | -10/Subcaves | Shifting Twisted Machinery released Battle Cannon 410 | -10/Subcaves | Shifting Twisted Machinery released Sub. Monowheel 468 | -10/Subcaves | Visited 4L-MR0's lab 548 | -10/Subcaves | Lost 4 parts (1p1n2w) 624 | -10/Subcaves | Found Flightbrick 921 | -10/Subcaves | A Subdweller sparked back to life 932 | -10/Subcaves | Core integrity fell below 50% 957 | -10/Subcaves | Core integrity fell below 20% 992 | -10/Subcaves | Found Gun Armor 1004 | -10/Subcaves | Lost 3 parts (2n1w) 1183 | -10/Subcaves | Destroyed by 5L-AMB(R) with Subdweller Laser Last Messages --------------- 00656_ Subatomizers dissect the Corrupted Disposable Heat Sink. 00921_ ZH-3NN(R) creaks and sparks as it begins to move. 00947_ NN-Q5E(R) destroyed. 00959_ Sub. Laser melted. 00959_ 02-8C0(R) destroyed. 00965_ Sub. Machine Gun destroyed. 00971_ Lgt. Treads destroyed. 00975_ ZH-3NN(R) misfires. 00976_ Disposable Heat Sink fried. 00976_ ZH-3NN(R) destroyed. 00977_ Acquired 50 matter. 00983_ Acquired Aluminum Leg. 00986_ Acquired 94 matter. 00992_ Dropped Rocket Launcher. 00992_ Acquired Gun Armor. 00997_ Acquired Sub. Beam Cannon. 01178_ W9-FSL(R) destroyed. 01182_ BA-4AV(O) collects matter. Map ----- +----------------------------------------------------+ | ???????????????????????????????????????????# | | ??????????????????????????????????????????## | | ??????????????????????????????????????????# | | ?????????????????????????????????????????## | | ?????????????????????????????????????????# | | ?????????????????????????????????????????## ##### | | ??????????????????????????????????????????######## | | ??????????????????????????????????????###"?### ## | | ?????????????????????????????????????? ""## | | ????????????????????????????????????? "" | | ??????????????????????????????????????"" | | ??????????????????????????????????????"" " | | ??????????????????????????????????????"## " | | ????????????????????????????????????????# """ | | ??????????? ????????????????????????????##"" | | ??????????? ????????????????????????????### | | ????????????? ##???????????????????????????## | | ?????????????? ?????????????????????#?###?# | | ???????????????# ??????????????????"" ## ### | | ????????? ?????# ???????????????????#" | | ????????? ### ???###????????????#" | | ???????? ### ##???????????# | | ???????? O= ###?????????# ## # | | ????????# * &R[ #??????#### ##### | | ?????????????# ########* ##????## #] ###"## | | ???????????????????????##@ #????# " | | ????????????????????????# ##?### "" | | ????????????????????????# ### # # & | | ????????????????????????# # | | ????????????????????????# ## # " #### | | ????????????????????????# #### ## ###"###??? | | ????????????????????????###??## #### ###????????? | | ??????????????????????????????###??####??????????? | | ?????????????????????????????????????????????????? | | ?????????????????????????????????????????????????? | | ?????????????????????????????????????????????????? | | ?????????????????????????????????????????????????? | | ?????????????????????????????????????????????????? | | ?????????????????????????????????????????????????? | | ?????????????????????????????????????????????????? | | ?????????????????????????????????????????????????? | | ?????????????????????????????????????????????????? | | ?????????????????????????????????????????????????? | | ?????????????????????????????????????????????????? | | ?????????????????????????????????????????????????? | | ?????????????????????????????????????????????????? | | ?????????????????????????????????????????????????? | | ?????????????????????????????????????????????????? | | ?????????????????????????????????????????????????? | | ?????????????????????????????????????????????????? | +----------------------------------------------------+ Best States ------------- Heat Dissipation 25 Energy Generation 12 Energy Capacity 265 Matter Stores 300 Matter Capacity 300 Sight Range 16 Terrain Scan Density 10 Evasion (%) 41 Recoil Reduction 2 Item Schematics ----------------- None Robot Schematics ------------------ None Fabricated ------------ Nothing Repaired ---------- Nothing Alien Tech Used ----------------- None Achievements -------------- None Challenges ------------ None Game ------ Seed TerrabombCargoInterpreter Manual? 0 Play Time 00:10:49 Cumulative 57.0 hours Start 2025.09.16 @ 02:37:26 End 2025.09.16 @ 02:45:36 Sessions 1 Manual Loads 0 Difficulty Rogue Special Mode None Game No. 105 Rogue 105 Adventurer 0 Explorer 0 Win Type - Total 0 Types 0/0/0/0/0/0/0/0/0/0 Lore% 47 Gallery% 33 Achievement% 31 Wizard Run 0 Options --------- Layout 2 ASCII 0 Keyboard 1 Movement Arrows Keybinds 0 Fullscreen 2 Font 32/SmallcapsGlow Map View 50x44 Zoom Use 0% Tactical HUD 1 Map Filters NONE Filters NONE Steam 1 RUN: 3f37f167-8582-48e6-b4a0-50334ccb5d90